 Dungeon Crawl Stone Soup version 0.28.0-45-g0d030f2227 (webtiles) character file.

Game seed: 15565553266016961643

455 CryoSword the Insei (level 7, -2/36 HPs)
             Began as a Vine Stalker Transmuter on Apr 23, 2022.
             Slain by a killer bee (7 damage)
             ... on level 3 of the Dungeon.
             The game lasted 00:04:05 (3378 turns).

CryoSword the Insei (Vine Stalker Transmuter)       Turns: 3378, Time: 00:04:06

Health: -2/36      AC:  4    Str: 12    XL:     7   Next: 5%
Magic:  0/11       EV: 12    Int: 15    God:
Gold:   199        SH:  0    Dex: 15    Spells: 3/10 levels left

rFire   . . .      SeeInvis .     - Unarmed
rCold   . . .      Faith    .   (no shield)
rNeg    . . .      Spirit   +   a - +0 robe
rPois   .          Reflect  .   (no helmet)
rElec   .          Harm     .   (no cloak)
rCorr   .          Rampage  .   m - +1 pair of gloves
Will    .....                   (no boots)
Stlth   +.........              (no amulet)
HPRegen 0.92/turn               (no ring)
MPRegen 0.12/turn               (no ring)

@: no status effects
A: fangs 2, regeneration 1, magic shield, antimagic bite, no potion heal 2
a: no special abilities


You were on level 3 of the Dungeon.
You visited 1 branch of the dungeon, and saw 4 of its levels.

You collected 199 gold pieces.

Inventory:

Missiles
 b - 10 poisoned darts
 f - 6 boomerangs
 k - 2 curare-tipped darts (quivered)
Armour
 a - a +0 robe (worn)
 m - a +1 pair of gloves (worn)
   (You found it on level 2 of the Dungeon)
 q - a +0 helmet
   (You found it on level 4 of the Dungeon)
Jewellery
 p - a ring of ice
   (You found it on level 3 of the Dungeon)
Scrolls
 c - a scroll of enchant armour
 g - a scroll of amnesia {unknown}
 h - 2 scrolls of magic mapping {unknown}
 i - 2 scrolls of noise {unknown}
 j - 3 scrolls of identify {@r1}
 o - a scroll of vulnerability {unknown}
Potions
 d - 2 potions of curing {@q1}
 e - a potion of berserk rage {unknown}
 l - 2 potions of haste {unknown}
 n - a potion of lignification {unknown}


   Skills:
 + Level 3.2 Fighting
 - Level 1.5 Dodging
 * Level 6.4 Unarmed Combat
 - Level 2.1 Spellcasting
 - Level 3.0 Transmutations


You had 3 spell levels left.
You knew the following spells:

 Your Spells              Type           Power      Damage    Failure   Level
a - Beastly Appendage     Tmut           20%        N/A       6%          1
b - Wereblood             Tmut           10%        N/A       10%         2
c - Vampiric Draining     Necr           1%         2d6       54%         3
Z - Animate Skeleton      Necr           2%         N/A       22%         1

Your spell library contained the following spells:

 Spells                   Type           Power      Damage    Failure   Level
 Pain                     Necr           4%         1d4       22%         1
 Spider Form              Tmut/Pois      6%         N/A       34%         3
 Ice Form                 Ice/Tmut       6%         N/A       75%         4


Dungeon Overview and Level Annotations

Branches:
Dungeon (4/15)
 Temple: D:4-7

Altars:
Dithmenos

Shops:
D:1 (


Innate Abilities, Weirdness & Mutations

You have extremely sharp teeth.
Your natural rate of healing is unusually fast.
When hurt, damage is shared between your health and your magic reserves.
Your bite disrupts and absorbs the magic of your enemies.
Potions cannot restore your health.


Message History

Your horns disappear.
Your talons disappear.
There is a stone staircase leading up here.
q - a +0 helmet You now have 162 gold pieces (gained 12).
You now have 177 gold pieces (gained 15).
b - 10 poisoned darts (gained 6)
Found a spear.
A quokka comes into view.
You miscast Beastly Appendage.
You are very lightly contaminated with residual magic.
Nothing appears to happen.
You grow a pair of large bovine horns.
Your feet morph into talons.
The quokka bites you.
You punch the quokka!
You kill the quokka!
No target in view!
Your magical contamination has completely faded away.
Your transformation is almost over.
Your horns disappear.
Your talons disappear.
Found a stone staircase leading down.
Found a spear.
You now have 199 gold pieces (gained 22).
An ogre comes into view. It is wielding a +0 giant club.
The ogre shouts!
An ogre is nearby!
An ogre is nearby!
An ogre is nearby!
You grow a pair of large bovine horns.
Your feet morph into talons.
You hit the ogre. You headbutt the ogre! The ogre closely misses you.
You barely miss the ogre. You bite the ogre, but do no damage.
You hit the ogre. You claw the ogre.
You headbutt the ogre, but do no damage.
Your bite misses the ogre. The ogre barely misses you.
You hit the ogre.
You headbutt the ogre, but do no damage.
The ogre hits you with a +0 giant club!
You are too injured to fight recklessly!
You are too injured to fight recklessly!
You are too injured to fight recklessly!
You are too injured to fight recklessly!
You are too injured to fight recklessly!
You are too injured to fight recklessly!
The ogre hits you with a +0 giant club!!
Ouch! That really hurt!
* * * LOW HITPOINT WARNING * * *
Your transformation is almost over.
Your horns disappear.
Your talons disappear.
You barely miss the ogre.
The ogre hits you with a +0 giant club!!
Ouch! That really hurt!
* * * LOW HITPOINT WARNING * * *
You punch the ogre! The ogre closely misses you.
You hit the ogre but do no damage. The ogre closely misses you.
You barely miss the ogre. Your bite misses the ogre.
You hit the ogre but do no damage. You bite the ogre. You drain its power.
You feel invigorated. The ogre closely misses you.
You barely miss the ogre. Your bite misses the ogre.
The ogre barely misses you.
You hit the ogre. Your bite misses the ogre. You hit the ogre.
You kill the ogre!
Your Fighting skill increases to level 3!
You have reached level 7!
There is a stone staircase leading up here.
A killer bee comes into view.
A killer bee is nearby!
A killer bee is nearby!
You grow a pair of large bovine horns.
Your feet morph into talons.
A killer bee comes into view.
The killer bee stings you.
You punch the killer bee!
The killer bee buzzes angrily.
You hear an angry buzzing noise. x2
A killer bee comes into view.
The killer bee misses you. The killer bee stings you.
You are poisoned.
The killer bee poisons you!
You closely miss the killer bee. Your kick misses the killer bee.
Your headbutt misses the killer bee. You bite the killer bee.
You drain its power.
You feel invigorated.
You feel sick. The killer bee stings you! x2
A killer bee comes into view.
You are too injured to fight recklessly!
You feel sick.
You feel sick.
A killer bee comes into view.
You feel sick. The killer bee stings you. The killer bee barely misses you.
The killer bee closely misses you.
A killer bee comes into view.
You feel sick.
The killer bee buzzes angrily. x2
The killer bee barely misses you.
You feel sick.
You are no longer poisoned.
The killer bee barely misses you.
Your transformation is almost over.
The killer bee closely misses you. The killer bee stings you.
You are poisoned.
The killer bee poisons you!
There is a stone staircase leading up here.
Unknown command.
Unknown command.
You feel sick. The killer bee barely misses you. The killer bee stings you!
* * * LOW HITPOINT WARNING * * *
You are more poisoned.
The killer bee poisons you! The killer bee closely misses you.
The killer bee barely misses you.
The killer bee stings you but does no damage.
The killer bee stings you.
* * * LOW HITPOINT WARNING * * *
You climb upwards.
You feel very sick.
There is a stone staircase leading down here.
Unknown command.
Unknown command.
You feel sick.
You feel sick.
You feel sick. The killer bee closely misses you.
Your horns disappear.
Your talons disappear.
You feel sick.
The killer bee stings you but does no damage.
You barely miss the killer bee. Your bite misses the killer bee.
You feel sick. The killer bee stings you.
* * * LOW HITPOINT WARNING * * *
You are more poisoned.
The killer bee poisons you! The killer bee barely misses you.
You feel very sick. The killer bee stings you.
* * * LOW HITPOINT WARNING * * *
Your system rejects the healing.
You feel better. The killer bee barely misses you. The killer bee stings you.
* * * LOW HITPOINT WARNING * * *
The killer bee stings you but does no damage.
The killer bee barely misses you.
You miss the killer bee. The killer bee barely misses you.
You barely miss the killer bee. Your bite misses the killer bee.
The killer bee stings you.
* * * LOW HITPOINT WARNING * * *
The killer bee stings you.
* * * LOW HITPOINT WARNING * * *
The killer bee barely misses you. The killer bee stings you.
* * * LOW HITPOINT WARNING * * *
You closely miss the killer bee. Your punch misses the killer bee.
You bite the killer bee, but do no damage.
The killer bee barely misses you. The killer bee misses you.
You hit the killer bee. The killer bee stings you.
* * * LOW HITPOINT WARNING * * *
The killer bee stings you!
You die...

..## ##...).........#
#. .## ##..##.########
#. ##
##.##.###############.
#
##...#<..............
##
##.####.##############
.## ##.........# ..##
##.......>#.# ...#
#....##.###.# ..##
##..###@# #.# #..##
##...# #y###.# #...##
##....# #y....# ##...#
#...### ####### ##..##
##..# ##...###..##
##....#...#
##...###..#
##....#...#


You could see 2 killer bees.

Vanquished Creatures
  Grinder (D:3)
  An ogre (D:4)
  A scorpion (D:4)
  4 adders
  3 worms
  A dart slug (D:1)
  2 ball pythons (D:3)
  7 endoplasms
  A giant cockroach (D:2)
  10 goblins
  7 hobgoblins (D:1)
  5 jackals (D:1)
  5 quokkas
  2 bats
  A frilled lizard (D:3)
  9 kobolds
  9 rats
69 creatures vanquished.

Notes
Turn   | Place    | Note
-------+----------+-------------------------------------------
     0 | D:1      | CryoSword the Vine Stalker Transmuter began the quest for
                  | the Orb.
     0 | D:1      | Reached XP level 1. HP: 9/9 MP: 4/4
   181 | D:1      | Reached XP level 2. HP: 11/14 MP: 6/6
   403 | D:1      | Reached skill level 1 in Fighting
   829 | D:1      | Found a faded altar of an unknown god.
   841 | D:1      | Reached skill level 4 in Unarmed Combat
   841 | D:1      | Reached XP level 3. HP: 16/18 MP: 5/7
  1210 | D:1      | Found Zobaoh's Weapon Shop.
  1574 | D:2      | Gained mutation: Your natural rate of healing is unusually
                  | fast. [Vine Stalker growth]
  1574 | D:2      | Reached XP level 4. HP: 19/22 MP: 6/8
  2382 | D:3      | Found a shadowy altar of Dithmenos.
  2398 | D:3      | Identified the +2 short sword "Catuant" {elec, rPois rF+
                  | SInv}
  2898 | D:3      | Reached XP level 5. HP: 26/26 MP: 7/9
  2996 | D:3      | Noticed Grinder
  3036 | D:3      | Killed Grinder
  3037 | D:3      | Reached skill level 5 in Unarmed Combat
  3037 | D:3      | Reached XP level 6. HP: 24/32 MP: 4/10
  3113 | D:3      | Learned a level 2 spell: Wereblood
  3115 | D:3      | Learned a level 1 spell: Animate Skeleton
  3119 | D:3      | Learned a level 3 spell: Vampiric Draining
  3173 | D:4      | Reached skill level 6 in Unarmed Combat
  3311 | D:4      | Reached XP level 7. HP: 28/36 MP: 8/11
  3378 | D:3      | Slain by a killer bee

Illustrated notes

Levels and vault maps discovered:
D:1:      amcnicky_arrival_choice, layout_loops_ring,
          dreamdust_ecumenical_altar_angels_and_demons, serial_shops, shop,
          minivault_4, minmay_tromino_i4
D:2:      layout_basic, st_stairs_11
D:3:      layout_loops_ring, mainiacjoe_overflow_brackets,
          amcnicky_mini_pool_small, columned_hall_lemuel,
          nicolae_figureground_pulse, uniq_grinder
D:4:      layout_basic

Skill      XL: |  1  2  3  4  5  6 |
---------------+-------------------+-----
Fighting       | 1 2 3 |  3.2
Unarmed Combat | 4 5 6 |  6.4
Transmutations | 3 |  3.0
Dodging        | |  1.5
Spellcasting   | |  2.1

Action                   |  1- 3 |  4- 6 |  7- 9 || total
-------------------------+-------+-------+-------++-------
Melee: Unarmed           |    86 |    99 |     7 ||   192
       Bite              |    16 |    17 |     2 ||    35
       Kick              |     9 |    19 |       ||    28
       Headbutt          |     7 |     9 |       ||    16
       Punch             |       |     2 |       ||     2
Throw: Dart              |       |     2 |       ||     2
 Cast: Beastly Appendage |    12 |    18 |     1 ||    31
  Use: Scroll            |       |     3 |       ||     3
       Potion            |       |       |     1 ||     1
 Stab: Sleeping          |     1 |     2 |       ||     3
Armor: Robe              |    15 |    15 |     3 ||    33
Dodge: Dodged            |    35 |    52 |    17 ||   104
